 Dungeon Crawl Stone Soup version 0.31.0-11-ge490571c62 (webtiles) character file.

Game seed: 2135889659310770544

160 qw the Ducker (level 5, -3/26 HPs)
             Began as a Spriggan Hunter on Feb 4, 2024.
             Slain by a black bear (5 damage)
             ... on level 4 of the Dungeon.
             The game lasted 00:00:08 (3038 turns).

qw the Ducker (Spriggan Hunter)                     Turns: 3038, Time: 00:00:09

Health: -3/26      AC:  2    Str:  7    XL:     5   Next: 17%
Magic:  6/6        EV: 20    Int: 11    God:
Gold:   242        SH:  0    Dex: 20    Spells: 4/4 levels left

rFire   . . .        a - +0 shortbow
rCold   . . .        (shield currently unavailable)
rNeg    . . .        c - +0 robe
rPois   .            (helmet restricted)
rElec   .            (no cloak)
rCorr   .            (gloves unavailable)
SInv    +            (boots unavailable)
Will    .....        (no amulet)
Stlth   ++           (no ring)
HPRegen 0.24/turn    (no ring)
MPRegen 0.10/turn

%: no passive effects
@: about to teleport, very quick
A: very small, no large weapons, unfitting armour, see invisible, speed 3
a: no special abilities


You were on level 4 of the Dungeon.
You visited 1 branch of the dungeon, and saw 4 of its levels.

You collected 242 gold pieces.


Innate Abilities, Weirdness & Mutations

You are very small and have problems with some larger weapons.
You are too small for most types of armour.
You have supernaturally acute eyesight. (SInv)
You cover ground extremely quickly. (Speed+++)


   Skills:
 + Level 1.9 Fighting
 - Level 5.2 Ranged Weapons
 - Level 5.3 Dodging
 - Level 1.5 Stealth


You had 4 spell levels left.
You didn't know any spells.
Your spell library was empty.

Inventory:

Hand Weapons
 a - a +0 shortbow (weapon)
Armour
 c - a +0 robe (worn)
Potions
 f - a potion of lignification {unknown}
 g - a potion of might {unknown}
 h - a potion of mutation
 i - a potion of cancellation {unknown}

Dungeon Overview and Level Annotations

Branches:
Dungeon (4/15)
 Temple: D:4-7

Altars:
Kikubaaqudgha

Annotations:
D:3 1 runed translucent door, Crazy Yiuf


Message History

You shoot an arrow. The arrow hits the black bear!
The black bear is moderately wounded.
The black bear barely misses you. The black bear claws you.
The black bear closely misses you.
You shoot an arrow.
The arrow completely misses the black bear.
The black bear bites you! The black bear closely misses you.
The black bear completely misses you.
You shoot an arrow.
The arrow closely misses the black bear.
The black bear barely misses you. The black bear misses you.
The black bear claws you.
You shoot an arrow. The arrow barely misses the black bear.
The black bear closely misses you. The black bear completely misses you.
The black bear claws you.
You shoot an arrow. The arrow barely misses the black bear.
The black bear barely misses you. The black bear completely misses you.
The black bear closely misses you.
You shoot an arrow. The arrow hits the black bear.
The black bear is heavily wounded.
The black bear closely misses you. The black bear misses you.
The black bear completely misses you.
You shoot an arrow. The arrow hits the black bear.
The black bear is heavily wounded.
The black bear bites you! The black bear barely misses you.
The black bear misses you.
3036 ||| READING scroll of teleportation.
As you read the scroll of teleportation, it crumbles to dust.
You feel strangely unstable. The black bear misses you.
The black bear claws you.
The black bear claws you but does no damage.
You shoot an arrow. The arrow barely misses the black bear.
The black bear bites you but does no damage.
The black bear misses you. The black bear claws you. The black bear misses you.
The black bear barely misses you. x2
You shoot an arrow. The arrow hits the black bear!
The black bear is almost dead.
The black bear bites you but does no damage.
The black bear misses you. The black bear claws you.
You die...

###.####.####.#.#
#.............#.#
#.......#######.##
#........# #..####
#######........######.....#
).......................####
.######....####).###.......#
.###......## ##h###.......#
.....#....# ##.@......<...#
.........#####..##.#.......#
##..?..........###.#.......#
...##..........### #.......#
.##......####...# #.......#
.#.....[## ##### #.......#
##...<.## ....>...# .....#<#
#..#..#### .


You could see a black bear.

Vanquished Creatures
  A sleepcap (D:4)
  An orc wizard (D:3)
  2 adders
  A ribbon worm (D:2)
  11 orcs
  7 ball pythons
  3 endoplasms
  2 giant cockroaches
  10 goblins
  9 hobgoblins
  4 kobolds
  7 quokkas
  6 bats
  A frilled lizard (D:1)
  4 rats
69 creatures vanquished.

Notes
Turn   | Place    | Note
-------+----------+-------------------------------------------
     0 | D:1      | qw the Spriggan Hunter began the quest for the Orb.
     0 | D:1      | Reached XP level 1. HP: 10/10 MP: 2/2
     0 | D:1      | 0 ||| qw: Version: 0.3-a-160-g6735b56
     0 | D:1      | 0 ||| qw: Game counter: 5820
     0 | D:1      | 0 ||| qw: Melee chars always use a shield: true
     0 | D:1      | 0 ||| qw: God list: Okawaru
     0 | D:1      | 0 ||| qw: Allow faded altars: false
     0 | D:1      | 0 ||| qw: Do Orc after clearing Dungeon:15 true
     0 | D:1      | 0 ||| qw: Do second Lair branch before Depths: true
     0 | D:1      | 0 ||| qw: Lair rune preference: random
     0 | D:1      | 0 ||| qw: Goals: Normal
     0 | D:1      | 0 ||| PLANNING D:1-11
    80 | D:1      | Reached skill level 3 in Dodging
   364 | D:1      | Reached XP level 2. HP: 14/14 MP: 3/3
   830 | D:1      | 830 ||| READING scroll labelled HINIT XUSHRULL.
   835 | D:1      | 835 ||| READING 2 scrolls labelled QOIGGO WOSICVI.
   835 | D:1      | 835 ||| IDENTIFYING white potion
   836 | D:1      | 836 ||| READING scroll of identify.
   836 | D:1      | 836 ||| IDENTIFYING fizzy black potion
   837 | D:1      | 837 ||| READING scroll labelled ELEBRIHUNE.
   838 | D:1      | 838 ||| READING scroll labelled SIT TUCIDO.
   939 | D:1      | 939 ||| DROPPING scroll of butterflies.
  1011 | D:2      | Reached XP level 3. HP: 15/18 MP: 4/4
  1859 | D:2      | 1859 ||| READING scroll of identify.
  1859 | D:2      | 1859 ||| IDENTIFYING clear potion
  1860 | D:2      | 1860 ||| READING scroll labelled NOUF DUBRESH.
  1861 | D:2      | 1861 ||| READING 2 scrolls labelled NEUSME ZIESMA.
  1862 | D:2      | 1862 ||| DROPPING scroll of revelation.
  1863 | D:2      | 1863 ||| DROPPING potion of brilliance.
  1963 | D:3      | Reached XP level 4. HP: 22/22 MP: 5/5
  1990 | D:3      | Found an ancient bone altar of Kikubaaqudgha.
  2268 | D:3      | Found a runed translucent door.
  2269 | D:3      | Noticed Crazy Yiuf
  2352 | D:3      | Found a faded altar of an unknown god.
  2825 | D:3      | 2825 ||| DROPPING ring of wizardry.
  2945 | D:4      | Reached XP level 5. HP: 25/25 MP: 6/6
  2976 | D:4      | Noticed a black bear
  2979 | D:4      | Noticed a black bear
  2985 | D:4      | HP: 5/25 [black bear (4)]
  2986 | D:4      | 2986 ||| READING 2 scrolls of teleportation.
  2987 | D:4      | 2987 ||| DRINKING potion of heal wounds.
  3035 | D:4      | HP: 5/26 [black bear (7)]
  3036 | D:4      | 3036 ||| READING scroll of teleportation.
  3037 | D:4      | HP: 2/26 [black bear (1)]
  3038 | D:4      | Slain by a black bear

Levels and vault maps discovered:
D:1:      psy_arrival_radial02, layout_basic
D:2:      layout_basic
D:3:      layout_loops_corners, mainiacjoe_overflow_small_starburst,
          shapermc_ecumenical_altar_mp_highgroup, grunt_ministairs_3,
          ebering_dispersal_statue_hall, uniq_crazy_yiuf_cottage
D:4:      layout_rooms, trog_ov_bears_minmay, serial_shops, shop, st_stairs_4,
          minmay_hedge_maze, uniq_pikel

Skill      XL: |  1  2  3  4 |
---------------+-------------+-----
Dodging        | 3 4 5 |  5.3
Ranged Weapons | 5 |  5.2
Fighting       | |  1.9
Stealth        | |  1.5

Action                     |  1- 3 |  4- 6 || total
---------------------------+-------+-------++-------
   Fire: Shortbow          |    96 |    99 ||   195
    Use: Scroll            |     8 |     2 ||    10
         Potion            |       |     1 ||     1
 Armour: Robe              |    11 |    26 ||    37
  Dodge: Dodged            |    24 |    67 ||    91

Table legend:
 A = Non-vault XP
 B = Vault XP
 C = Vault XP percentage of total XP
 D = Non-vault monster count
 E = Vault monster count
 F = Vault count percentage of total count
                 A         B        C        D         E       F
            +---------+---------+-------+---------+---------+-------
      Total |     221 |       8 |   3.5 |      65 |       4 |   5.8
            +---------+---------+-------+---------+---------+-------
        D:1 |      22 |       0 |   0.0 |      14 |       0 |   0.0
        D:2 |      46 |       0 |   0.0 |      17 |       0 |   0.0
        D:3 |      85 |       5 |   5.6 |      25 |       2 |   7.4
        D:4 |      68 |       3 |   4.2 |       9 |       2 |  18.2
            +---------+---------+-------+---------+---------+-------
